 Dungeon Crawl Stone Soup version 0.31-a0-165-g3f4f80340b (webtiles) character file.

Game seed: 14317048273324699248

128 qw the Shooter (level 5, -1/49 HPs)
             Began as a Naga Hunter on June 13, 2023.
             Slain by an ogre
             ... wielding a +0 giant club
              (19 damage)
             ... on level 4 of the Dungeon.
             The game lasted 00:00:28 (1051 turns).

qw the Shooter (Naga Hunter)                        Turns: 1051, Time: 00:00:29

Health: -1/49      AC:  3    Str: 13    XL:     5   Next: 11%
Magic:  5/5        EV:  9    Int: 10    God:
Gold:   88         SH:  0    Dex: 16    Spells: 4/4 levels left

rFire   . . .        b - +0 longbow
rCold   . . .        (shield currently unavailable)
rNeg    . . .        c - +0 leather armour
rPois   +            (no helmet)
rElec   .            (no cloak)
rCorr   .            (no gloves)
SInv    +            (no barding)
Will    .....        (no amulet)
Stlth   ++           (no ring)
HPRegen 0.28/turn    (no ring)
MPRegen 0.09/turn

%: no passive effects
@: short of breath, very slow
A: AC +1, large, see invisible, deformed body, poison resistance, slowness 2,
spit poison 1, naga tail 1
a: Spit Poison


You were on level 4 of the Dungeon.
You visited 1 branch of the dungeon, and saw 3 of its levels.

You collected 88 gold pieces.


Innate Abilities, Weirdness & Mutations

Your serpentine skin is tough. (AC +1)
You have supernaturally acute eyesight. (SInv)
Armour fits poorly on your strangely shaped body.
Your system is resistant to poisons. (rPois)
You cover ground very slowly.
You can spit poison.
You have a snake-like lower body.


   Skills:
 - Level 3.0 Fighting
 + Level 5.3 Ranged Weapons
 - Level 1.5 Dodging
 - Level 1.5 Stealth


You had 4 spell levels left.
You didn't know any spells.
Your spell library was empty.

Inventory:

Hand Weapons
 b - a +0 longbow (weapon)
Armour
 c - a +0 leather armour (worn)
Scrolls
 a - a scroll of teleportation
 d - a scroll of immolation {unknown}
 f - 2 scrolls of identify
 g - a scroll of revelation {unknown}
Potions
 e - a potion of haste {unknown}

Dungeon Overview and Level Annotations

Branches:
Dungeon (2/15)

Altars:
Wu Jian

Shops:
D:1 [[[*?


Message History

You shoot an arrow. The arrow closely misses the adder.
You have got your breath back.
1045 ||| INVOKING Spit Poison.
Aiming: Spit Poison (1% risk of failure)
Press: ? - help, Shift-Dir - straight line, f/p - adder The splash of poison hits the adder!
The adder is severely wounded.
The adder completely misses you.
You shoot an arrow. The arrow hits the adder.
The adder is almost dead.
The ball python bites you. The adder closely misses you.
The ball python bites you but does no damage.
The adder bites you.
You shoot an arrow. The arrow misses the adder.
The arrow hits the sleepcap!
The sleepcap is heavily damaged.
The ball python bites you. The adder bites you. The ball python bites you.
The ogre closely misses you.
You shoot an arrow. The arrow misses the adder.
The adder completely misses you. The ball python barely misses you.
The adder bites you.
You shoot an arrow. The arrow hits the adder!
You kill the adder!
The ball python bites you.
The ogre hits you with a +0 giant club!!
The ball python bites you but does no damage.
You shoot an arrow.
The arrow hits the sleepcap but does no damage.
The sleepcap is heavily damaged.
You have got your breath back.
The sleepcap barely misses you.
The ball python bites you but does no damage.
The ogre barely misses you. The sleepcap barely misses you.
The ball python closely misses you.
1051 ||| INVOKING Spit Poison.
Aiming: Spit Poison (1% risk of failure)
Press: ? - help, Shift-Dir - straight line, f - ogre, p - sleepcap The splash of poison hits the ogre.
The ogre is lightly wounded.
The ogre hits you with a +0 giant club!!
You die...

.................(
#..........###...#
#.#####.##...#...#
#. #.####.#...# #
#.#####.# #.#...#
# #.......#
#.....# #
#.......# ##....#
# #.......#
##.##### #.S@....#
#....##
.......Of...#
####.##
....!...###.# #...
........# #.#
########.
...)....# #..
.........
........# ##.
........#
........'
........%.#
........#
........#
........#


You could see an ogre, a sleepcap and a ball python.

Vanquished Creatures
  Terence (D:2)
  An orc wizard (D:4)
  3 adders
  A worm (D:4)
  A dart slug (D:1)
  4 orcs (D:4)
  4 bats (D:1)
  2 endoplasms
  7 giant cockroaches
  2 hobgoblins
  3 jackals (D:1)
  A quokka (D:1)
  6 ball pythons
  3 kobolds
  2 rats (D:1)
41 creatures vanquished.

Notes
Turn   | Place    | Note
-------+----------+-------------------------------------------
     0 | D:1      | qw the Naga Hunter began the quest for the Orb.
     0 | D:1      | Reached XP level 1. HP: 19/19 MP: 1/1
     0 | D:1      | 0 ||| qw: Version: 0.2-a-29-gc1b59c4
     0 | D:1      | 0 ||| qw: Game counter: 4670
     0 | D:1      | 0 ||| qw: Always use a shield: true
     0 | D:1      | 0 ||| qw: God list: Okawaru
     0 | D:1      | 0 ||| qw: Allow faded altars: false
     0 | D:1      | 0 ||| qw: Do Orc after D:15 true
     0 | D:1      | 0 ||| qw: Do second Lair branch before Depths: true
     0 | D:1      | 0 ||| qw: Lair rune preference: random
     0 | D:1      | 0 ||| qw: Plans: Normal
     0 | D:1      | 0 ||| PLANNING D:1-11
    12 | D:1      | 12 ||| INVOKING Spit Poison.
    91 | D:1      | 91 ||| INVOKING Spit Poison.
   119 | D:1      | Found Feloruw's Magic Scroll Shoppe.
   128 | D:1      | 128 ||| SHOPLISTING scroll of enchant armour (82 gold, have
                  | 18).
   128 | D:1      | 128 ||| SHOPLISTING scroll of teleportation (33 gold, have
                  | 18).
   156 | D:1      | 156 ||| INVOKING Spit Poison.
   161 | D:1      | 161 ||| INVOKING Spit Poison.
   165 | D:1      | 165 ||| INVOKING Spit Poison.
   169 | D:1      | 169 ||| INVOKING Spit Poison.
   230 | D:1      | Reached skill level 4 in Ranged Weapons
   230 | D:1      | Reached XP level 2. HP: 26/26 MP: 2/2
   236 | D:1      | Found Ofon's General Store.
   240 | D:1      | 240 ||| SHOPLISTING potion of curing (30 gold, have 18).
   240 | D:1      | 240 ||| SHOPLISTING potion of heal wounds (50 gold, have
                  | 18).
   240 | D:1      | 240 ||| SHOPLISTING scroll of identify (20 gold, have 18).
   316 | D:1      | 316 ||| INVOKING Spit Poison.
   319 | D:1      | 319 ||| FLEEEEING.
   320 | D:1      | 320 ||| FLEEEEING.
   321 | D:1      | 321 ||| FLEEEEING.
   322 | D:1      | 322 ||| FLEEEEING.
   353 | D:1      | 353 ||| INVOKING Spit Poison.
   368 | D:1      | 368 ||| INVOKING Spit Poison.
   385 | D:1      | Found Zyget's Antique Armour Shop.
   395 | D:1      | 395 ||| SHOPLISTING embroidered robe (85 gold, have 40).
   395 | D:1      | 395 ||| SHOPLISTING runed scarf (184 gold, have 40).
   417 | D:1      | 417 ||| INVOKING Spit Poison.
   439 | D:1      | 439 ||| INVOKING Spit Poison.
   449 | D:1      | 449 ||| INVOKING Spit Poison.
   467 | D:1      | 467 ||| INVOKING Spit Poison.
   485 | D:1      | Found Fajuap's Antique Armour Shoppe.
   490 | D:1      | 490 ||| SHOPLISTING +3 pair of gauntlets of War {Slay+5}
                  | (855 gold, have 40).
   490 | D:1      | 490 ||| SHOPLISTING glowing cloak (135 gold, have 40).
   490 | D:1      | 490 ||| SHOPLISTING runed leather armour (90 gold, have
                  | 40).
   490 | D:1      | 490 ||| SHOPLISTING translucent leather armour (126 gold,
                  | have 40).
   509 | D:1      | 509 ||| INVOKING Spit Poison.
   513 | D:1      | 513 ||| INVOKING Spit Poison.
   514 | D:1      | Reached XP level 3. HP: 31/32 MP: 3/3
   564 | D:1      | 564 ||| INVOKING Spit Poison.
   568 | D:1      | Found Lamulle's Antique Armour Boutique.
   577 | D:1      | 577 ||| SHOPLISTING pair of encrusted gloves (285 gold,
                  | have 40).
   577 | D:1      | 577 ||| SHOPLISTING pair of gloves (135 gold, have 40).
   577 | D:1      | 577 ||| SHOPLISTING shiny ring mail (210 gold, have 40).
   660 | D:1      | 660 ||| INVOKING Spit Poison.
   671 | D:1      | Found a faded altar of an unknown god.
   676 | D:1      | 676 ||| READING 2 scrolls labelled GEDYRR GOPAEH.
   680 | D:1      | 680 ||| READING 2 scrolls labelled RUOPEL YNACSIH.
   681 | D:1      | 681 ||| READING scroll labelled TAPRYRUGOI.
   682 | D:1      | 682 ||| DROPPING scroll of butterflies.
   727 | D:2      | Found an ornate altar of the Wu Jian Council.
   749 | D:2      | 749 ||| INVOKING Spit Poison.
   772 | D:2      | 772 ||| INVOKING Spit Poison.
   831 | D:2      | 831 ||| INVOKING Spit Poison.
   835 | D:2      | 835 ||| SWAPPING to +0 longbow.
   836 | D:2      | 836 ||| DROPPING +0 shortbow.
   839 | D:2      | Noticed Terence
   841 | D:2      | 841 ||| INVOKING Spit Poison.
   846 | D:2      | 846 ||| INVOKING Spit Poison.
   848 | D:2      | Killed Terence
   849 | D:2      | Reached skill level 5 in Ranged Weapons
   849 | D:2      | Reached XP level 4. HP: 39/39 MP: 4/4
   858 | D:2      | You fall into a shaft and drop 2 floors!
   899 | D:4      | 899 ||| INVOKING Spit Poison.
   903 | D:4      | 903 ||| INVOKING Spit Poison.
   919 | D:4      | 919 ||| INVOKING Spit Poison.
   922 | D:4      | 922 ||| INVOKING Spit Poison.
   959 | D:4      | 959 ||| INVOKING Spit Poison.
  1001 | D:4      | 1001 ||| INVOKING Spit Poison.
  1003 | D:4      | Reached skill level 3 in Fighting
  1031 | D:4      | 1031 ||| INVOKING Spit Poison.
  1032 | D:4      | Reached XP level 5. HP: 49/49 MP: 5/5
  1041 | D:4      | Noticed an ogre
  1042 | D:4      | 1042 ||| INVOKING Spit Poison.
  1045 | D:4      | 1045 ||| INVOKING Spit Poison.
  1051 | D:4      | 1051 ||| INVOKING Spit Poison.
  1051 | D:4      | Slain by an ogre

Levels and vault maps discovered:
D:1:      dpeg_arrival_arbitrary_c, layout_basic,
          shapermc_ecumenical_altar_hornbeckon, serial_shops,
          nicolae_shop_advertising_works [nicolae_subvault_shop_adworks],
          nicolae_shop_rolling_square, nicolae_shop_back_alley_shop,
          nicolae_square_shop, nicolae_lakefront_shop, minmay_misc_feat_plants
D:2:      layout_basic, basic_altar, dreamdust_mushroom_princess, uniq_sigmund,
          uniq_terence
D:4:      layout_basic, lemuel_zombie_altar_yredelemnul

Skill      XL: |  1  2  3  4 |
---------------+-------------+-----
Ranged Weapons | 4 5 |  5.3
Fighting       | 3 |  3.0
Dodging        | |  1.5
Stealth        | |  1.5

Action                     |  1- 3 |  4- 6 || total
---------------------------+-------+-------++-------
   Fire: Shortbow          |    42 |       ||    42
         Longbow           |     7 |    22 ||    29
Ability: Spit Poison       |    22 |    10 ||    32
    Use: Scroll            |     3 |       ||     3
 Armour: Leather armour    |     5 |     3 ||     8
  Dodge: Dodged            |    23 |    10 ||    33

Table legend:
 A = Non-vault XP
 B = Vault XP
 C = Vault XP percentage of total XP
 D = Non-vault monster count
 E = Vault monster count
 F = Vault count percentage of total count
                 A         B        C        D         E       F
            +---------+---------+-------+---------+---------+-------
      Total |     147 |      36 |  19.7 |      40 |       1 |   2.4
            +---------+---------+-------+---------+---------+-------
        D:1 |      41 |       0 |   0.0 |      23 |       0 |   0.0
        D:2 |      22 |      36 |  62.1 |       6 |       1 |  14.3
        D:4 |      84 |       0 |   0.0 |      11 |       0 |   0.0
            +---------+---------+-------+---------+---------+-------
